 Dungeon Crawl Stone Soup version 0.27-a0-1513-g2aaa0cc67b (webtiles) character file.

Game seed: 6147774910725392853

1031 blackman the Slasher (level 8, -11/61 HPs)
             Began as a Human Fighter on July 9, 2021.
             Was an Initiate of the Shining One.
             Mangled by an ogre (26 damage)
             ... on level 7 of the Dungeon.
             The game lasted 00:18:12 (10181 turns).

blackman the Slasher (Human Fighter)               Turns: 10181, Time: 00:18:13

Health: -11/61     AC: 10    Str: 19    XL:     8   Next: 47%
Magic:  8/8        EV:  7    Int:  9    God:    the Shining One [......]
Gold:   210        SH:  9    Dex: 12    Spells: 7/7 levels left

rFire    + . .     SeeInvis +   n - +0 dagger (elec)
rCold    . . .     Faith    +   c - +0 kite shield
rNeg     . . .     Spirit   .   b - +0 scale mail
rPois    .         Reflect  .   (no helmet)
rElec    .         Harm     .   (no cloak)
rCorr    .         Rampage  .   (no gloves)
Will     .....                  s - +2 pair of boots
Stlth    ..........             i - amulet of faith
HPRegen  0.20/turn              e - ring of see invisible
MPRegen  0.11/turn              f - ring of protection from fire

@: glowing, studying Armour
A: no striking features
a: Renounce Religion


You were on level 7 of the Dungeon.
You worshipped the Shining One.
The Shining One was noncommittal.
You visited 2 branches of the dungeon, and saw 8 of its levels.

You collected 210 gold pieces.

Inventory:

Hand Weapons
 a - a +0 long sword
 k - a +0 hunting sling
 n - a +0 dagger of electrocution (weapon)
Missiles
 l - 128 stones (quivered)
Armour
 b - a +0 scale mail (worn)
 c - a +0 kite shield (worn)
 s - a +2 pair of boots (worn)
Jewellery
 e - a ring of see invisible (left hand)
 f - a ring of protection from fire (right hand)
 g - a ring of protection from cold
 i - an amulet of faith (around neck)
Wands
 d - a wand of flame (14)
 q - a wand of polymorph (12)
 v - a wand of iceblast (9)
Scrolls
 m - a scroll of holy word
 r - a scroll of enchant armour
Potions
 h - a potion of flight {unknown}
 o - 2 potions of brilliance
 u - a potion of magic {unknown}


   Skills:
 - Level 4.4 Fighting
 + Level 7.5 Long Blades
 - Level 4.4 Armour
 - Level 4.4 Shields


You had 7 spell levels left.
You didn't know any spells.
Your spell library was empty.

Dungeon Overview and Level Annotations

Branches:
Dungeon (7/15)             Temple (1/1) D:6

Altars:
Ashenzari
Cheibriados
Dithmenos
Elyvilon
Fedhas
Gozag
Kikubaaqudgha
Nemelex Xobeh
Okawaru
Qazlal
Ru
Sif Muna
Uskayaw
Vehumet
Wu Jian
Yredelemnul
Zin
The Shining One

Shops:
D:4 [

Annotations:
D:5 1 runed translucent door, Crazy Yiuf, Edmund, Grinder


Message History

Things that are here:
a +0 dagger; a +0 robe; an orc skeleton
Things that are here:
a +0 dagger; an orc skeleton
Things that are here:
a +0 dagger; an orc skeleton
Found a stone staircase leading down.
There is a stone staircase leading down here.
An ogre comes into view. It is wielding a +0 giant spiked club.
The ogre shouts!
You hear a shout!
A centaur comes into view.
The ogre moves out of view.
The centaur moves out of view.
There are monsters nearby!
You block the centaur's attack. The centaur barely misses you.
The ogre hits you with a +0 giant spiked club!
The centaur hits you but does no damage.
You block the centaur's attack.
You hit the centaur.
The centaur is lightly wounded.
You block the centaur's attack.
The centaur kicks you but does no damage.
The ogre barely misses you.
The centaur wields a +0 shortbow.
The centaur shoots an arrow.
The arrow hits you.
The ogre hits you with a +0 giant spiked club.
There is a stone staircase leading down here.
You can't go up here!
You block the ogre's attack.
You climb downwards.
There is a stone staircase leading up here.
You hit the ogre. Lightning courses through the ogre!
The ogre is heavily wounded.
You hit the ogre but do no damage.
The ogre is heavily wounded.
The ogre hits you with a +0 giant spiked club!!
* * * LOW HITPOINT WARNING * * *
You hit the ogre.
The ogre is severely wounded.
The ogre hits you with a +0 giant spiked club!!
You die...

##########
#O@.......
##.######.
... #####


You could see an ogre.

Vanquished Creatures
  A wyvern (D:6)
  An orc warrior (D:6)
  An ogre (D:6)
  A kobold brigand (D:6)
  3 scorpions
  3 hounds
  A jelly (D:6)
  A bullfrog skeleton (D:5)
  Ijyb (D:5)
  Terence (D:2)
  3 iguanas
  An orc wizard (D:6)
  A scorpion zombie (D:3)
  2 gnolls (D:3)
  4 adders
  A white imp (D:5)
  2 adder skeletons (D:3)
  2 worms
  A dart slug (D:1)
  2 orcs
  5 ball pythons
  7 endoplasms
  3 giant cockroaches
  4 goblins
  7 hobgoblins
  4 jackals (D:1)
  8 kobolds
  3 bats
  A frilled lizard (D:3)
  2 rats
77 creatures vanquished.

Vanquished Creatures (others)
  2 withered plants (D:3)
2 creatures vanquished.

Grand Total: 79 creatures vanquished

Notes
Turn   | Place    | Note
-------+----------+-------------------------------------------
     0 | D:1      | blackman the Human Fighter began the quest for the Orb.
     0 | D:1      | Reached XP level 1. HP: 18/18 MP: 1/1
   351 | D:1      | Reached XP level 2. HP: 23/24 MP: 2/2
   658 | D:1      | Reached XP level 3. HP: 29/29 MP: 3/3
  1524 | D:2      | Noticed Terence
  1532 | D:2      | Killed Terence
  1533 | D:2      | Reached XP level 4. HP: 27/35 MP: 4/4
  4586 | D:3      | Reached XP level 5. HP: 29/42 MP: 5/5
  5120 | D:3      | Reached skill level 3 in Long Blades
  5649 | D:3      | Noticed a necrophage
  5733 | D:4      | Found Liur's Armour Shop.
  6068 | D:4      | Reached XP level 6. HP: 47/48 MP: 6/6
  6115 | D:4      | Found a white marble altar of Elyvilon.
  6896 | D:4      | Reached XP level 7. HP: 25/55 MP: 7/7
  7550 | D:5      | Entered Level 5 of the Dungeon
  7668 | D:5      | Found a runed translucent door.
  7669 | D:5      | Noticed Crazy Yiuf
  7900 | D:5      | Noticed Ijyb
  7926 | D:5      | Killed Ijyb
  7927 | D:5      | Reached skill level 4 in Long Blades
  8144 | D:5      | Noticed Grinder
  8250 | D:6      | Noticed Edmund
  8292 | D:6      | HP: 1/55 [hound (4)]
  8293 | D:6      | Found a staircase to the Ecumenical Temple.
  8423 | Temple   | Entered the Ecumenical Temple
  9072 | Temple   | Became a worshipper of the Shining One
  9388 | D:6      | Reached skill level 5 in Long Blades
  9455 | D:6      | Noticed a wyvern
  9460 | D:6      | Killed a wyvern
  9539 | D:6      | Reached skill level 6 in Long Blades
  9539 | D:6      | Reached XP level 8. HP: 47/61 MP: 8/8
  9782 | D:6      | Reached skill level 7 in Long Blades
 10181 | D:7      | Mangled by an ogre

Illustrated notes

Levels and vault maps discovered:
D:1:      lemuel_arrival_rhombus, layout_loops_ring
D:2:      layout_loops_ring, uniq_terence
D:3:      minmay_razor_zed, layout_loops_cross, serial_undead, serial_undead_e,
          serial_undead_d, serial_undead_d, serial_undead_d
D:4:      layout_basic, elyvilon_altar_3, serial_shops,
          nicolae_shop_temple_entry_statues_fountains, grunt_ministairs_10,
          minmay_manual_mullet
D:5:      layout_basic, uniq_grinder, uniq_crazy_yiuf_cottage, uniq_ijyb
D:6:      layout_loops_cross, temple_pool_b, uniq_edmund, uniq_duvessa
D:7:      layout_basic, chequers_temple_overflow_statue_of_worship
Temple:   minmay_temple_bridge_d

Skill      XL: |  1  2  3  4  5  6  7  8 |
---------------+-------------------------+-----
Long Blades    | 3 6 7 |  7.5
Armour         | 4 |  4.4
Shields        | 4 |  4.4
Fighting       | 4 |  4.4

Action                   |  1- 3 |  4- 6 |  7- 9 || total
-------------------------+-------+-------+-------++-------
Melee: Long sword        |    58 |   127 |       ||   185
       Dagger            |       |    55 |   131 ||   186
 Fire: Hunting sling     |       |     4 |       ||     4
Evoke: Wand              |       |       |     5 ||     5
  Use: Potion            |     1 |     1 |     2 ||     4
       Scroll            |       |     2 |     3 ||     5
Armor: Scale mail        |    21 |    75 |    40 ||   136
Dodge: Dodged            |    11 |    65 |    38 ||   114
Block: Kite shield       |    35 |    89 |    35 ||   159
       Rpst.: Long sword |     6 |    11 |       ||    17

Table legend: (Time is in decaauts)
 A = Elapsed time spent in this place.
 B = Non-inter-level travel time spent in this place.
 C = Inter-level travel time spent in this place.
 D = Time resting spent in this place.
 E = Time spent auto-exploring this place.
 F = Levels seen in this place.
 G = Mean time per level.
                   A        B        C        D        E       F      G
               +--------+--------+--------+--------+--------+-----+--------+
         Total |  10303 |   9707 |    596 |   4837 |   3805 |   8 | 1287.9 |
       Dungeon |   9342 |   8856 |    486 |   4054 |   3750 |   7 | 1334.6 |
        Temple |    961 |    851 |    110 |    783 |     55 |   1 |  961.0 |
               +--------+--------+--------+--------+--------+-----+--------+

Top non-repeatable levels by time:
     D:1: 2354 daAuts
     D:3: 2021 daAuts
     D:4: 1942 daAuts
     D:2: 1417 daAuts
  Temple: 961 daAuts
     D:6: 959 daAuts
     D:5: 644 daAuts
     D:7: 2 daAuts
